 Dungeon Crawl Stone Soup version 0.29-a0-334-gb41bcbb86e (webtiles) character file.

Game seed: 15530183729248886904

88 zishaf the Grasshopper (level 4, -6/35 HPs)
             Began as a Human Warper on Apr 14, 2022.
             Mangled by a gnoll
             ... wielding a +0 halberd
              (10 damage)
             ... on level 2 of the Dungeon.
             The game lasted 00:02:48 (2748 turns).

zishaf the Grasshopper (Human Warper)               Turns: 2748, Time: 00:02:48

Health: -6/35      AC:  5    Str: 14    XL:     4   Next: 82%
Magic:  7/7        EV: 11    Int: 13    God:
Gold:   86         SH:  0    Dex: 12    Spells: 5/7 levels left

rFire   . . .      SeeInvis .   a - +0 hand axe
rCold   . . .      Faith    .   (no shield)
rNeg    + . .      Spirit   .   j - +0 ring mail
rPois   .          Reflect  .   (no helmet)
rElec   .          Harm     .   (no cloak)
rCorr   .          Rampage  .   (no gloves)
Will    .....                   (no boots)
Stlth   +.........              (no amulet)
HPRegen 0.11/turn               l - ring of positive energy
MPRegen 0.10/turn               (no ring)

@: attractive
A: no striking features
a: no special abilities


You were on level 2 of the Dungeon.
You visited 1 branch of the dungeon, and saw 2 of its levels.

You collected 86 gold pieces.

Inventory:

Hand Weapons
 a - a +0 hand axe (weapon)
Missiles
 d - 7 boomerangs of dispersal (quivered)
Armour
 b - a +0 leather armour
 j - a +0 ring mail (worn)
 n - a +0 chain mail
Jewellery
 l - a ring of positive energy (left hand)
Scrolls
 c - 2 scrolls of blinking
 e - 2 scrolls of enchant armour {unknown}
 h - 4 scrolls of identify {unknown}
 m - a scroll of summoning {unknown}
Potions
 f - 2 potions of attraction
 g - 2 potions of lignification {unknown}
 i - a potion of flight {unknown}
 k - a potion of invisibility {unknown}


   Skills:
 + Level 3.1 Fighting
 + Level 3.1 Axes
 - Level 1.0 Throwing
 - Level 1.0 Armour
 - Level 2.0 Dodging
 - Level 2.0 Spellcasting
 + Level 3.8 Translocations


You had 5 spell levels left.
You knew the following spells:

 Your Spells              Type           Power      Damage    Failure   Level
c - Blink                 Tloc           22%        N/A       16%         2

Your spell library contained the following spells:

 Spells                   Type           Power      Damage    Failure   Level
 Gell's Gravitas          Tloc           11%        N/A       32%         3
 Lesser Beckoning         Tloc           11%        N/A       32%         3
 Teleport Other           Tloc           11%        N/A       32%         3
 Manifold Assault         Tloc           11%        N/A       96%         5


Dungeon Overview and Level Annotations

Branches:
Dungeon (2/15)

Altars:


Message History

You feel attractive to monsters. The gnoll barely misses you.
The gnoll closely misses you.
You barely miss the gnoll. The gnoll closely misses you. x2
You barely miss the gnoll. The gnoll closely misses you.
The gnoll barely misses you.
You barely miss the gnoll. The gnoll hits you but does no damage.
The gnoll misses you.
You hit the gnoll.
The gnoll is heavily wounded.
The gnoll misses you. The gnoll barely misses you.
The gnoll closely misses you. x2
You hit the gnoll.
The gnoll is almost dead.
The gnoll hits you with a +0 flail. The gnoll closely misses you.
You hit the gnoll.
You kill the gnoll!
The gnoll closely misses you. The gnoll is attracted toward you.
You hit the gnoll.
The gnoll is moderately wounded.
The gnoll hits you with a +0 halberd.
You barely miss the gnoll.
The gnoll is lightly wounded.
The gnoll hits you with a +0 halberd!
You hit the gnoll.
The gnoll is heavily wounded.
The gnoll misses you. The gnoll completely misses you.
You barely miss the gnoll.
The gnoll is heavily wounded.
The gnoll hits you with a +0 halberd!
* * * LOW HITPOINT WARNING * * *
You hit the gnoll.
The gnoll is almost dead.
The gnoll barely misses you.
You barely miss the gnoll.
The gnoll is almost dead.
The gnoll barely misses you.
You hit the gnoll.
The gnoll is almost dead.
The gnoll hits you with a +0 halberd!
You die...

...............#
...............#
...............#
...............#
#...###........# #...#
########## #...# #.[
#...# #.#####.##
#...##########..@g...<#
#...#........#..####.##
...........)......>#
#...#.###.......##.#
#####.# #.##.##.##.#
#####.# #.##.##.##.#
......# #.##.......#
......# #.##..#.##.#
.†....# #.##..#....#


You could see a gnoll.

Vanquished Creatures
  2 gnolls (D:2)
  2 adders (D:2)
  A dart slug (D:2)
  5 ball pythons (D:1)
  4 bats (D:1)
  3 endoplasms
  3 giant cockroaches
  4 hobgoblins
  9 jackals (D:1)
  A kobold (D:1)
  3 quokkas (D:1)
  4 frilled lizards
  5 rats
46 creatures vanquished.

Notes
Turn   | Place    | Note
-------+----------+-------------------------------------------
     0 | D:1      | zishaf the Human Warper began the quest for the Orb.
     0 | D:1      | Reached XP level 1. HP: 16/16 MP: 3/3
   231 | D:1      | Reached XP level 2. HP: 18/22 MP: 5/5
   300 | D:1      | Learned a level 2 spell: Blink
   568 | D:1      | Reached XP level 3. HP: 12/28 MP: 6/6
  2101 | D:2      | Found a faded altar of an unknown god.
  2132 | D:2      | Reached XP level 4. HP: 18/34 MP: 7/7
  2748 | D:2      | Mangled by a gnoll

Illustrated notes

Levels and vault maps discovered:
D:1:      dpeg_arrival_stone_temple_mockup, layout_basic
D:2:      layout_basic, hellmonk_ecumenical_altar_blasted, minmay_bisected

Skill      XL: |  1  2  3  4 |
---------------+-------------+-----
Axes           | 3 |  3.1
Fighting       | 3 |  3.1
Throwing       | |  1.0
Armour         | |  1.0
Dodging        | |  2.0
Spellcasting   | |  2.0
Translocations | |  3.8

Action                   |  1- 3 |  4- 6 || total
-------------------------+-------+-------++-------
Melee: Hand axe          |   134 |    47 ||   181
  Use: Potion            |       |     1 ||     1
Armor: Leather armour    |    39 |       ||    39
       Ring mail         |     4 |    13 ||    17
Dodge: Dodged            |   101 |    38 ||   139

Table legend: (Time is in decaauts)
 A = Elapsed time spent in this place.
 B = Non-inter-level travel time spent in this place.
 C = Inter-level travel time spent in this place.
 D = Time resting spent in this place.
 E = Time spent auto-exploring this place.
 F = Levels seen in this place.
 G = Mean time per level.
                   A        B        C        D        E       F      G
               +--------+--------+--------+--------+--------+-----+--------+
         Total |   2778 |   2718 |     60 |     77 |   2195 |   2 | 1389.0 |
       Dungeon |   2778 |   2718 |     60 |     77 |   2195 |   2 | 1389.0 |
               +--------+--------+--------+--------+--------+-----+--------+

Top non-repeatable levels by time:
     D:1: 2119 daAuts
     D:2: 659 daAuts
